 Dungeon Crawl Stone Soup version 0.29-a0-490-g77b3608bb8 (webtiles) character file.

Game seed: 2318051036412756889

1669 ultragoat the Basher (level 8, 0/70 HPs)
             Began as a Minotaur Fighter on May 26, 2022.
             Was an Initiate of Okawaru.
             Killed from afar by an orc wizard (4 damage)
             ... with a magic dart
             ... on level 8 of the Dungeon on May 27, 2022.
             The game lasted 00:23:17 (5852 turns).

ultragoat the Basher (Minotaur Fighter)             Turns: 5852, Time: 00:23:19

Health: 0/70       AC: 10    Str: 23    XL:     8   Next: 69%
Magic:  7/7        EV: 11    Int:  5    God:    Okawaru [......]
Gold:   315        SH:  4    Dex: 10    Spells: 7/7 levels left

rFire   . . .      SeeInvis .   o - +4 flail (protect)
rCold   + . .      Faith    .   c - +0 buckler
rNeg    . . .      Spirit   .   b - +0 scale mail
rPois   .          Reflect  .   (helmet restricted)
rElec   .          Harm     .   (no cloak)
rCorr   .          Rampage  .   (no gloves)
Will    .....                   n - +1 pair of boots
Stlth   ..........              (no amulet)
HPRegen 0.21/turn               k - ring of protection from cold
MPRegen 0.10/turn               (no ring)

@: no status effects
A: horns 2, retaliatory headbutt
a: Renounce Religion


You were on level 8 of the Dungeon.
You worshipped Okawaru.
Okawaru was noncommittal.
You visited 2 branches of the dungeon, and saw 9 of its levels.

You collected 315 gold pieces.

Inventory:

Hand Weapons
 f - a +2 spear of flaming
 g - a +3 whip of venom
 o - a +4 flail of protection (weapon)
 q - a +1 flail of holy wrath
Armour
 b - a +0 scale mail (worn)
 c - a +0 buckler (worn)
 n - a +1 pair of boots (worn)
Jewellery
 k - a ring of protection from cold (left hand)
 v - an amulet of reflection
Wands
 r - a wand of polymorph (6)
 s - a wand of iceblast (6)
Scrolls
 e - 3 scrolls of fear
 h - 3 scrolls of immolation
 p - 2 scrolls of blinking
 u - a scroll of identify
 x - a scroll of fog {unknown}
Potions
 a - a potion of attraction {unknown}
 d - a potion of might
 i - a potion of lignification
 j - a potion of flight
 l - a potion of invisibility {unknown}
 m - a potion of haste
 t - a potion of curing {unknown}


   Skills:
 + Level 6.1 Fighting
 - Level 2.4 Long Blades
 + Level 8.0 Maces & Flails
 + Level 7.1 Armour
 + Level 4.4 Dodging
 - Level 4.8 Shields
 * Level 2.3 Evocations


You had 7 spell levels left.
You didn't know any spells.
Your spell library contained the following spells:

 Spells                   Type           Power      Damage    Failure   Level
 Slow                     Hex            0%         N/A       85%         1
 Static Discharge         Conj/Air       0%         N/A       94%         2
 Confusing Touch          Hex            0%         N/A       99%         3
 Vampiric Draining        Necr           0%         2d6       99%         3
 Dispel Undead            Necr           0%         3d6       100%        4
 Sticky Flame             Conj/Fire      0%         2d3       100%        4


Dungeon Overview and Level Annotations

Branches:
Dungeon (8/15)             Temple (1/1) D:6
   Lair: D:8-11

Altars:
Ashenzari
Cheibriados
Dithmenos
Elyvilon
Fedhas
Kikubaaqudgha
Makhleb
Nemelex Xobeh
Okawaru
Qazlal
Ru
Trog
Uskayaw
Vehumet
Wu Jian
Xom
Yredelemnul
Zin
The Shining One

Shops:
D:4 [   D:6 (

Annotations:
D:5 Eustachio
D:7 Joseph, Pikel


Innate Abilities, Weirdness & Mutations

You have a pair of horns on your head.
You reflexively headbutt those who attack you in melee.


Message History

A kobold comes into view. It is wielding a +0 short sword.
The kobold moves out of view.
You closely miss the kobold. Your headbutt misses the kobold.
You block the yak's attack. The kobold hits you but does no damage.
Unknown command.
You thump the kobold!
Your weapon exudes an aura of protection.
You kill the kobold!
Okawaru accepts your kill. The yak gores you!
* * * LOW HITPOINT WARNING * * *
The centaur wields a +0 shortbow.
The centaur shoots an arrow.
The arrow hits you but does no damage.
You hear a shout! x2
As you read the scroll of teleportation, it crumbles to dust.
You feel strangely unstable.
The centaur shoots an arrow.
The arrow hits you!
* * * LOW HITPOINT WARNING * * *
An orc comes into view. It is wielding a +0 mace.
The yak closely misses you. You furiously retaliate!
You headbutt the yak!
An orc wizard comes into view. It is wielding a +0 dagger.
The orc wizard shouts!
The centaur shoots an arrow.
The arrow barely misses you.
A gnoll sergeant comes into view. It is wielding a +0 spear.
You hear a shout!
Things that are here:
a +0 club; a kobold corpse The yak attacks as you move away!
You block the yak's attack. 2 orc wizards come into view.
An orc wizard is wielding a +2 dagger of venom.
The orc wizard shouts! x2; You hear a shout!
The centaur shoots an arrow.
The arrow hits you!
* * * LOW HITPOINT WARNING * * *
The yak attacks as you move away! The yak closely misses you.
Your surroundings suddenly seem different. 2 orc wizards come into view.
Found 10 gold pieces and a scroll of teleportation.
The orc wizard shouts! x2
The orc wizard casts a spell at you. The magic dart hits you.
You die...

## ##.###
##.oo..
#......
#......##
........##
.........#
#.@# #....#
....$...#
?............
#######.......
#######


You could see 2 orc wizards.

Vanquished Creatures
  An ice beast (D:6)
  A black bear (D:5)
  2 orc warriors
  2 centaurs (D:6)
  A tengu (D:4)
  2 phantoms (D:6)
  A bullfrog (D:8)
  Blork the orc (D:6)
  A scorpion (D:4)
  A hound (D:6)
  3 orc priests
  3 jellies
  2 iguanas
  5 orc wizards
  3 gnolls (D:4)
  11 adders
  A river rat (D:6)
  2 shadow imps
  2 worms
  4 dart slugs
  33 orcs
  9 bats
  9 endoplasms
  7 giant cockroaches
  6 goblins
  10 hobgoblins
  3 jackals (D:3)
  6 quokkas
  10 ball pythons
  2 frilled lizards
  7 kobolds
  8 rats
159 creatures vanquished.

Vanquished Creatures (others)
  2 withered plants (D:4)
2 creatures vanquished.

Grand Total: 161 creatures vanquished

Notes
Turn   | Place    | Note
-------+----------+-------------------------------------------
     0 | D:1      | ultragoat the Minotaur Fighter began the quest for the Orb.
     0 | D:1      | Reached XP level 1. HP: 19/19 MP: 0/0
   200 | D:1      | Reached XP level 2. HP: 26/27 MP: 1/1
   544 | D:1      | Reached skill level 1 in Maces & Flails
   822 | D:2      | Reached XP level 3. HP: 33/33 MP: 2/2
  1102 | D:2      | Reached skill level 2 in Maces & Flails
  1277 | D:2      | Reached XP level 4. HP: 40/40 MP: 3/3
  1495 | D:3      | Reached skill level 1 in Dodging
  1682 | D:3      | Found a broken altar of Ashenzari.
  1868 | D:3      | Reached skill level 3 in Maces & Flails
  1915 | D:3      | Reached XP level 5. HP: 37/46 MP: 4/4
  2418 | D:4      | Noticed a water moccasin
  2420 | D:4      | Noticed a tengu
  2420 | D:4      | a water moccasin changed into a tengu
  2531 | D:4      | Reached skill level 4 in Maces & Flails
  2628 | D:4      | Reached XP level 6. HP: 43/53 MP: 5/5
  2792 | D:4      | Found an ancient bone altar of Kikubaaqudgha.
  3149 | D:4      | Found Wosaebikh's Armour Shop.
  3313 | D:4      | Reached skill level 5 in Maces & Flails
  3313 | D:4      | Reached skill level 5 in Armour
  3419 | D:4      | Noticed Edmund
  3422 | D:4      | Noticed Edmund
  3422 | D:4      | Edmund changed into Edmund the scorpion
  3424 | D:4      | Killed Edmund the scorpion
  3736 | D:5      | Entered Level 5 of the Dungeon
  3827 | D:5      | Reached XP level 7. HP: 60/60 MP: 6/6
  3844 | D:5      | Reached skill level 5 in Fighting
  4050 | D:5      | Noticed Eustachio
  4064 | D:5      | Reached skill level 6 in Maces & Flails
  4337 | D:5      | Found a hide-covered altar of Uskayaw.
  4507 | D:6      | Reached XP level 8. HP: 68/69 MP: 7/7
  4562 | D:6      | Found a staircase to the Ecumenical Temple.
  4572 | Temple   | Entered the Ecumenical Temple
  4629 | Temple   | Became a worshipper of Warmaster Okawaru
  4648 | Temple   | Upgraded the game from 0.29-a0-483-g69413ace17 to
                  | 0.29-a0-490-g77b3608bb8
  4908 | D:6      | Reached skill level 1 in Evocations
  5228 | D:6      | Found Getoaff's Weapon Emporium.
  5230 | D:6      | Noticed Blork the orc
  5237 | D:6      | Killed Blork the orc
  5238 | D:6      | Reached skill level 7 in Maces & Flails
  5752 | D:7      | Noticed Pikel
  5752 | D:7      | Noticed Joseph
  5815 | D:8      | Reached skill level 8 in Maces & Flails
  5850 | D:8      | HP: 3/70 [centaur/arrow (9)]
  5852 | D:8      | Killed from afar by an orc wizard

Illustrated notes

Levels and vault maps discovered:
D:1:      dpeg_arrival_chambers_temple_mockup, layout_basic
D:2:      layout_basic
D:3:      minmay_bubble_buster, layout_loops_ring, evilmike_ruin_ashenzari
D:4:      layout_gridville, kiku_gazebo_garden_becter, serial_shops, shop,
          kennysheep_generic_room_6, uniq_edmund
D:5:      layout_loops_cross, nicolae_uskayaw_dance_hall, lemuel_doored_altar,
          minmay_misc_feat_roman, minmay_fractal_squares_gapless_5,
          uniq_eustachio
D:6:      layout_gridville, minmay_temple_entry_statues_fountains, serial_shops,
          nicolae_shop_bloodbath_and_beyond, gup_sewer_entry_bubbles,
          uniq_blork_the_orc
D:7:      layout_rooms, mainiacjoe_overflow_chevrons, uniq_joseph, uniq_pikel,
          uniq_maggie
D:8:      minmay_flawed_box, layout_basic, mainiacjoe_overflow_tiny_flanked,
          gammafunk_ghost_arena
Temple:   lightli_temple_of_artemis

Skill      XL: |  1  2  3  4  5  6  7  8 |
---------------+-------------------------+-----
Armour         | 4 5 6 7 |  7.1
Shields        | 4 |  4.8
Maces & Flails | 1 2 3 4 5 6 8 |  8.0
Fighting       | 4 5 6 |  6.1
Dodging        | 1 2 4 |  4.4
Evocations     | 2 |  2.3
Long Blades    | |  2.4

Action                   |  1- 3 |  4- 6 |  7- 9 || total
-------------------------+-------+-------+-------++-------
Melee: Whip              |    67 |   146 |       ||   213
       Long sword        |     5 |       |       ||     5
       Headbutt          |    11 |    22 |    19 ||    52
       Flail             |       |     4 |   167 ||   171
Evoke: Wand              |       |     4 |       ||     4
  Use: Scroll            |     3 |    10 |     3 ||    16
       Potion            |       |     1 |       ||     1
Armor: Scale mail        |    34 |    59 |   102 ||   195
Dodge: Dodged            |    37 |    65 |   100 ||   202
Block: Buckler           |    24 |    32 |    42 ||    98

Table legend: (Time is in decaauts)
 A = Elapsed time spent in this place.
 B = Non-inter-level travel time spent in this place.
 C = Inter-level travel time spent in this place.
 D = Time resting spent in this place.
 E = Time spent auto-exploring this place.
 F = Levels seen in this place.
 G = Mean time per level.
                   A        B        C        D        E       F      G
               +--------+--------+--------+--------+--------+-----+--------+
         Total |   5898 |   5624 |    274 |    691 |   2666 |   9 |  655.3 |
       Dungeon |   5811 |   5537 |    274 |    691 |   2666 |   8 |  726.4 |
        Temple |     87 |     87 |      0 |      0 |      0 |   1 |   87.0 |
               +--------+--------+--------+--------+--------+-----+--------+

Top non-repeatable levels by time:
     D:6: 1234 daAuts
     D:4: 1212 daAuts
     D:3: 1079 daAuts
     D:1: 822 daAuts
     D:5: 705 daAuts
     D:2: 621 daAuts
  Temple: 87 daAuts
     D:8: 76 daAuts
     D:7: 59 daAuts
